 Dungeon Crawl Stone Soup version 0.15-a0-1537-ge1f089e (webtiles) character file.

4503 Crauler the Martial Artist (level 10, -7/91 HPs)
             Began as a White Draconian Transmuter on June 16, 2014.
             Was a Believer of Ashenzari.
             Mangled by a troll (12 damage)
             ... on Level 8 of the Dungeon.
             The game lasted 00:44:36 (12023 turns).

Crauler the Martial Artist (DrTm)                  Turns: 12023, Time: 00:44:37

HP  -7/91        AC  9     Str 12      XL: 10   Next: 16%
MP  13/22        EV 22     Int 16      God: Ashenzari [**....]
Gold 359         SH  0     Dex 18      Spells:  3 memorised, 10 levels left

rFire  + . .     SeeInvis .     C - melded +2 whip (elec) (curse)
rCold  + . .     Clarity  .     (armour unavailable)
rNeg   . . .     rCorr    .     (shield currently unavailable)
rPois  .         rRot     .     (helmet restricted)
rElec  .         Spirit   .     h - +0 cloak
SustAb .         Warding  .     D - melded +0 pair of gloves
rMut   .         Stasis   +     i - +0 pair of boots
Gourm  .                        G - cursed amulet of stasis
MR     .....                    (no ring)
                                l - ring of fire

@: agile, blade hands, very slightly contaminated, not resistant to hostile
enchantments, fairly stealthy
A: breathe frost, unfitting armour, cold resistance 2, sense surroundings 1,
robust 1, cold-blooded, AC +7
a: Breathe Frost, End Transformation, Renounce Religion


You were on level 8 of the Dungeon.
You worshipped Ashenzari.
Ashenzari was pleased with you.
You were very hungry.
Your hands were blades.
You visited 2 branches of the dungeon, and saw 9 of its levels.

You collected 359 gold pieces.

Inventory:

Hand weapons
 t - a +1 whip of venom
 C - a cursed +2 whip of electrocution (melded)
Missiles
 b - 12 arrows
Armour
 h - a +0 cloak (worn)
 i - a +0 pair of boots (worn)
 D - a +0 pair of gloves (melded)
Magical devices
 u - a wand of teleportation (7) {unknown}
 v - a wand of digging (7) {unknown}
 z - a wand of random effects (2) {unknown}
 A - a wand of fire (4) {unknown}
 B - a wand of digging (6) {unknown}
Comestibles
 a - 7 bread rations
 g - 4 meat rations
 k - 8 beef jerkies
 E - a chunk of orc flesh
Scrolls
 c - a scroll of remove curse
 f - 4 scrolls of identify
 n - a scroll of curse jewellery
 o - 3 scrolls of curse weapon
 p - a scroll of amnesia {unknown}
 q - 2 scrolls of teleportation {unknown}
 r - a scroll of noise {unknown}
 s - a scroll of recharging {unknown}
 x - a scroll of immolation {unknown}
 y - a scroll of random uselessness {unknown}
Jewellery
 l - a ring of fire (left scythe-like blade)
 G - a cursed amulet of stasis (around neck)
Potions
 j - a potion of agility
 m - a potion of mutation
 F - a potion of lignification {unknown}
Books
 d - a book of Changes

   Spells                             Type                      Level
   *Beastly Appendage                 Transmutation                1
   Sticks to Snakes                   Transmutation                2
   *Spider Form                       Transmutation/Poison         3
   Ice Form                           Ice/Transmutation            4
   *Blade Hands                       Transmutation                5


   Skills:
 + Level 5.7 Fighting
 * Level 6.9 Dodging
 * Level 8.8 Unarmed Combat
 + Level 5.1 Spellcasting
 - Level 7.0 Transmutations


You had 10 spell levels left.
You knew the following spells:

 Your Spells              Type           Power        Failure   Level  Hunger
a - Beastly Appendage     Trmt           ####..       14%         1    None
b - Spider Form           Trmt/Pois      ###.......   50%         3    ###....
c - Blade Hands           Trmt           ####......   71%         5    #####..


Dungeon Overview and Level Annotations

Branches:
Dungeon (8/15)             Temple (1/1) D:4            Lair (0/8) D:8

Altars:
Ashenzari
Cheibriados
Dithmenos
Fedhas
Gozag
Kikubaaqudgha
Makhleb
Nemelex Xobeh
Okawaru
Qazlal
Sif Muna
Trog
Vehumet
Xom
Yredelemnul
Zin
The Shining One

Annotations:
D:8 exclusions: electric eel and 1 more exclusion


Innate Abilities, Weirdness & Mutations

You can breathe waves of freezing cold.*
You can buffet flying creatures when you breathe cold.*
Your icy white scales are hard (AC +7).*
Your body does not fit into most forms of armour.
Your flesh is very cold resistant.*
Your cold-blooded metabolism reacts poorly to cold.*
You passively map a small area around you.
You are robust (+10% HP).


Message History

Drink which item? (? for menu, Esc to quit)
You feel better. The troll barely misses you. The troll barely misses you.
The troll claws you!
* * * LOW HITPOINT WARNING * * *
Read which item? (? for menu, Esc to quit)
Okay, then.
Drink which item? (? for menu, Esc to quit)
You feel better. The troll misses you. The troll completely misses you.
The troll misses you.
Drink which item? (? for menu, Esc to quit)
You feel agile all of a sudden. The troll completely misses you.
The troll claws you.
* * * LOW HITPOINT WARNING * * *
The troll barely misses you.
You completely miss the troll.
The troll is heavily wounded.
The troll bites you.
* * * LOW HITPOINT WARNING * * *
The troll barely misses you. The troll claws you!
You die...

#..# *, #..# #..# *
#..# ############# *
#..###...........#
#......#########.#**
.......# #.# ,
..####.## #.#, *
........# #@#, ,
######..# #T# * , ,
#..# *#.# , , #..#
#.......# * #<.#
#.......# * , ,
##..####.......#*
#.#............. ,
##..####.......##*
#######.# #........*
,


You could see a troll.

Vanquished Creatures
  Grinder (D:6)
  Eustachio (D:6)
  A wolf (D:8)
  A deep elf fighter (D:7)
  Menkaure (D:7)
  An orc warrior (D:7)
  2 black bears (D:6)
  A sky beast (D:6)
  3 ogres
  A phantom (D:4)
  5 centaurs
  Sigmund (D:6)
  2 giant frogs (D:7)
  A big kobold (D:5)
  Blork the orc (D:7)
  A gnoll sergeant (D:4)
  3 scorpions
  3 killer bees (D:7)
  An electric eel (D:6)
  A yellow wasp zombie (D:6)
  A crimson imp (D:6)
  2 gnoll shamans (D:4)
  2 jellies
  2 goliath beetles (D:6)
  A giant frog zombie (D:8)
  8 hounds
  3 iguanas
  A big fish (D:6)
  5 orc priests
  8 orc wizards
  8 worker ants
  An ogre skeleton (D:4)
  2 hound skeletons (D:4)
  8 adders
  35 gnolls (D:4)
  A gnoll skeleton (D:7)
  A shadow imp (D:5)
  3 giant mites
  2 inept feature mimics
  6 worms
  An iguana zombie (D:6)
  An adder skeleton (D:8)
  3 giant geckos
  2 oozes
  18 orcs
  5 ball pythons
  10 giant cockroaches
  18 hobgoblins
  26 jackals
  14 kobolds
  11 quokkas
  11 bats
  A giant newt (D:3)
  13 goblins
  A kobold skeleton (D:4)
  An orc skeleton (D:4)
  12 rats
  3 ballistomycetes (D:6)
283 creatures vanquished.

Vanquished Creatures (others)
  An adder skeleton (D:8)
  A jackal (D:8)
  A giant spore (D:6)
3 creatures vanquished.

Grand Total: 286 creatures vanquished

Notes
Turn   | Place    | Note
--------------------------------------------------------------
     0 | D:1      | Crauler, the Draconian Transmuter, began the quest for the Orb.
     0 | D:1      | Reached XP level 1. HP: 16/16 MP: 3/3
   219 | D:1      | Reached XP level 2. HP: 21/23 MP: 4/4
  1023 | D:2      | Found a shimmering altar of Xom.
  1061 | D:2      | Reached XP level 3. HP: 28/28 MP: 6/6
  1075 | D:2      | Learned a level 3 spell: Spider Form
  1353 | D:2      | Found a shattered altar of Ashenzari.
  1363 | D:2      | Became a worshipper of Ashenzari the Shackled
  1666 | D:2      | Gained mutation: You are robust (+10% HP). [potion of mutation]
  1666 | D:2      | Gained mutation: You passively map a small area around you. [potion of mutation]
  1666 | D:2      | Gained mutation: Your flesh is cold resistant. [potion of mutation]
  1668 | D:2      | Paralysed by a potion of paralysis for 2 turns
  2166 | D:2      | Found a shadowy altar of Dithmenos.
  2347 | D:2      | Reached skill level 4 in Unarmed Combat
  2387 | D:2      | Reached XP level 4. HP: 38/38 MP: 8/8
  2413 | D:2      | Found a burning altar of Makhleb.
  2972 | D:3      | Reached XP level 5. HP: 22/44 MP: 9/9
  4132 | D:4      | Noticed a phantom
  4144 | D:4      | Reached XP level 6. HP: 43/52 MP: 11/11
  4207 | D:4      | Killed a phantom
  4207 | D:4      | Reached skill level 5 in Unarmed Combat
  4843 | D:4      | Your scales start taking on an icy white colour.
  4843 | D:4      | Gained mutation: Your flesh is very cold resistant. [draconian maturity]
  4843 | D:4      | Reached XP level 7. HP: 52/61 MP: 13/13
  5696 | D:4      | Reached skill level 6 in Unarmed Combat
  5696 | D:4      | Reached skill level 5 in Transmutations
  5696 | D:4      | Reached XP level 8. HP: 11/69 MP: 14/16
  6533 | D:4      | Found a deep blue altar of Sif Muna.
  6750 | D:4      | Found a staircase to the Ecumenical Temple.
  6756 | Temple   | Entered the Ecumenical Temple
  7451 | D:5      | Entered Level 5 of the Dungeon
  7957 | D:5      | Reached skill level 5 in Dodging
  8677 | D:5      | Found a stormy altar of Qazlal.
  8976 | D:6      | Found a staircase to the Ecumenical Temple.
  8990 | D:6      | Reached skill level 7 in Unarmed Combat
  9073 | D:6      | Reached XP level 9. HP: 47/78 MP: 19/19
  9190 | D:6      | the staircase to the Ecumenical Temple was a mimic.
  9291 | D:6      | Noticed Eustachio
  9308 | D:6      | Killed Eustachio
  9526 | D:6      | Noticed Grinder
  9526 | D:6      | Paralysed by Grinder for 3 turns
  9535 | D:6      | Paralysed by Grinder for 2 turns
  9545 | D:6      | Killed Grinder
  9583 | D:6      | Found an ancient bone altar of Kikubaaqudgha.
 10004 | D:6      | Reached skill level 8 in Unarmed Combat
 10028 | D:6      | Noticed Sigmund
 10038 | D:6      | Killed Sigmund
 10038 | D:6      | Reached skill level 5 in Fighting
 10060 | D:6      | Learned a level 5 spell: Blade Hands
 10127 | D:6      | Identified the cursed +1 mace "Muludgh" {venom, rF+} (You found it on level 6 of the Dungeon)
 10156 | D:6      | Found a bloodstained altar of Trog.
 10314 | D:7      | Noticed Menkaure
 10322 | D:7      | Killed Menkaure
 10722 | D:7      | Noticed Blork the orc
 10731 | D:7      | Killed Blork the orc
 10956 | D:7      | Found a glowing silver altar of Zin.
 10986 | D:7      | Acquired Ashenzari's first power
 11002 | D:7      | Reached XP level 10. HP: 30/89 MP: 21/21
 11534 | D:8      | Reached skill level 5 in Spellcasting
 11535 | D:8      | Found a staircase to the Lair.
 11918 | D:8      | Found a radiant altar of Vehumet.
 12023 | D:8      | Mangled by a troll

Action                   |  1- 3 |  4- 6 |  7- 9 | 10-12 || total
-------------------------+-------+-------+-------+-------++-------
Melee: Unarmed           |   189 |    14 |   167 |    25 ||   395
       Whip              |       |   267 |   403 |    63 ||   733
 Cast: Beastly Appendage |     1 |       |     1 |       ||     2
       Spider Form       |       |       |    21 |     1 ||    22
       Blade Hands       |       |       |     3 |     3 ||     6
 Abil: Breathe Frost     |       |       |     2 |       ||     2
  Use: Potion            |     5 |     1 |     3 |     4 ||    13
       Scroll            |     2 |       |     1 |     1 ||     4
 Stab: Sleeping          |       |       |     2 |       ||     2
       Distracted        |       |       |     1 |       ||     1
